 Dungeon Crawl Stone Soup version 0.24-a0-537-g2d01d4ab0a (webtiles) character file.

Game seed: 5945439245350127782

457 Mithandil the Conjurer (level 7, -1/40 HPs)
             Began as a Tengu Conjurer on Aug 12, 2019.
             Was an Initiate of Vehumet.
             Killed from afar by Dowan (3 damage)
             ... with a puff of flame
             ... on level 4 of the Dungeon.
             The game lasted 00:23:58 (5175 turns).

Mithandil the Conjurer (Tengu Conjurer)             Turns: 5175, Time: 00:23:58

Health: -1/40      AC:  6    Str: 10    XL:     7   Next: 6%
Magic:  10/13      EV: 12    Int: 16    God:    Vehumet [......]
Gold:   239        SH:  0    Dex: 14    Spells: 2/13 levels left

rFire    . . .     SeeInvis .   a - +0 spear
rCold    . . .     Gourm    .   (no shield)
rNeg     . . .     Faith    .   e - +0 leather armour
rPois    .         Spirit   .   (helmet restricted)
rElec    .         Reflect  .   j - +2 cloak
rCorr    .         Harm     .   (no gloves)
MR       .....                  (boots unavailable)
Stlth    ++........             (no amulet)
HPRegen  0.13/turn              (no ring)
MPRegen  0.13/turn              (no ring)

@: drained
A: beak, talons 3, able to fly
a: Fly, Renounce Religion


You were on level 4 of the Dungeon.
You worshipped Vehumet.
Vehumet was noncommittal.
You were not hungry.

You visited 2 branches of the dungeon, and saw 6 of its levels.

You collected 239 gold pieces.

Inventory:

Hand Weapons
 a - a +0 spear (weapon)
 b - a +0 hunting sling
 m - a +0 quarterstaff
 p - a +0 falchion
 s - a +0 hand axe
Missiles
 f - 131 arrows
 g - 240 stones
 k - 11 poisoned darts
 q - 21 bolts
 u - 4 boomerangs (quivered)
Armour
 e - a +0 leather armour (worn)
 i - a +2 robe of magic resistance
 j - a +2 cloak (worn)
Jewellery
 n - an uncursed ring of ice
Wands
 t - a wand of iceblast (6)
Scrolls
 d - a scroll of identify
 l - 3 scrolls of teleportation
 w - a scroll of remove curse
Potions
 h - 4 potions of curing
Comestibles
 c - 5 rations
 o - 3 chunks of flesh


   Skills:
 + Level 2.1(1.1) Fighting
 + Level 1.7(0.6) Polearms
 + Level 3.4(2.3) Dodging
 + Level 3.3(2.2) Stealth
 * Level 3.7(2.6) Spellcasting
 * Level 7.0(5.8) Conjurations
 + Level 1.0(0.0) Translocations


You had 2 spell levels left.
You knew the following spells:

 Your Spells              Type           Power        Failure   Level  Hunger
a - Magic Dart            Conj           ###.         2%          1    #......
b - Searing Ray           Conj           ###...       3%          2    ##.....
c - Force Lance           Conj/Tloc      ##......     63%         4    #####..
d - Iskenderun's Mystic   Conj           ###.....     24%         4    #####..

Your spell library contained the following spells:

 Spells                   Type           Power        Failure   Level  Hunger
 Dazzling Spray           Conj/Hex       ##....       24%         3    ###....
 Fulminant Prism          Conj/Hex       ##........   63%         4    #####..


Dungeon Overview and Level Annotations

Branches:
Dungeon (5/15)             Temple (1/1) D:4

Altars:
Ashenzari
Dithmenos
Elyvilon
Fedhas
Hepliaklqana
Kikubaaqudgha
Makhleb
Nemelex Xobeh
Okawaru
Qazlal
Ru
Sif Muna
Trog
Uskayaw
Vehumet
Wu Jian
Xom
Yredelemnul
Zin
The Shining One

Annotations:
D:4 Dowan, Duvessa


Innate Abilities, Weirdness & Mutations

You have a beak for a mouth.
You have claws for feet.
You can fly continuously.


Message History

Casting: Searing Ray (safe; 3% risk of failure)
Confirm with . or Enter, or press ? or * to list all spells.
Aiming: Searing Ray (safe; 3% risk of failure)
Press: ? - help, Shift-Dir - straight line, f - Dowan
Aim: Dowan, wielding a +0 dagger and wearing a +0 robe (moderately wounded)
The searing ray hits Dowan.
Dowan is moderately wounded. (Press . to maintain the ray.) Dowan gestures at you while chanting.
You resist with some effort. The hound skeleton bites you.
* * * LOW HITPOINT WARNING * * *
Duvessa hits you with a +0 rapier of draining.
* * * LOW HITPOINT WARNING * * *
You feel drained.
The searing ray hits Dowan!
Dowan is severely wounded.
The hound skeleton closely misses you. Dowan gestures at you while chanting.
The puff of flame hits you.
You die...

#####......#....!.
#......######+ #*#####
#............. #**###.....#
#............. #....'.....#
#............. #..l,#..#..#
###........... *....#.....#
#........... *,,.l#...Ze#
####.######. **+*######@##
#.# #. *,,,#...÷e.# #.# #.
*,*,#..÷...# *,* #.
**,,,#..##..# *,* #.
**########+#..##..# *,* #.
,,,...#:'..#......# *,* #.
*####.###..#......# *>* #.
*#......#########.######*,*
#.
*#.#.e#..<).#............,*
#.


You could see Duvessa, Dowan and a hound skeleton.

Vanquished Creatures
  An ogre (D:4)
  A scorpion (D:4)
  A crimson imp (D:5)
  3 orc priests
  An orc wizard (D:4)
  A worker ant (D:4)
  A gnoll (D:1)
  5 adders
  2 worms
  5 dart slugs
  2 leopard geckos
  12 orcs
  5 ball pythons
  3 giant cockroaches (D:1)
  2 goblins (D:3)
  6 hobgoblins
  5 jackals
  3 quokkas
  A bat (D:3)
  6 frilled lizards
  5 kobolds
  8 rats
79 creatures vanquished.

Notes
Turn   | Place    | Note
-------+----------+-------------------------------------------
     0 | D:1      | Mithandil the Tengu Conjurer began the quest for the Orb.
     0 | D:1      | Reached XP level 1. HP: 10/10 MP: 4/4
   338 | D:1      | Reached XP level 2. HP: 15/15 MP: 4/6
   342 | D:1      | Learned a level 2 spell: Searing Ray
   571 | D:1      | Reached XP level 3. HP: 20/20 MP: 1/7
  2453 | D:3      | Reached skill level 1 in Fighting
  2453 | D:3      | Reached XP level 4. HP: 10/25 MP: 0/9
  2470 | D:2      | Reached skill level 6 in Conjurations
  2781 | D:3      | Gained mutation: You can fly continuously. [Tengu growth]
  2781 | D:3      | Reached XP level 5. HP: 22/29 MP: 6/10
  2822 | D:3      | Learned a level 4 spell: Force Lance
  3215 | D:4      | Noticed an ogre
  3237 | D:3      | Found a shattered altar of Ashenzari.
  4081 | D:4      | Killed an ogre
  4081 | D:4      | Reached skill level 1 in Polearms
  4081 | D:4      | Reached XP level 6. HP: 35/35 MP: 8/12
  4082 | D:4      | Noticed Duvessa
  4083 | D:4      | Noticed Dowan
  4446 | D:4      | Found a staircase to the Ecumenical Temple.
  4468 | Temple   | Entered the Ecumenical Temple
  4535 | Temple   | Became a worshipper of Vehumet
  4646 | D:4      | Learned a level 4 spell: Iskenderun's Mystic Blast
  4683 | D:5      | Entered Level 5 of the Dungeon
  5028 | D:4      | Noticed a slave
  5028 | D:4      | Noticed a slave
  5034 | D:4      | Noticed a slave
  5119 | D:4      | Reached skill level 7 in Conjurations
  5119 | D:4      | Reached skill level 1 in Translocations
  5119 | D:4      | Reached XP level 7. HP: 40/40 MP: 8/13
  5174 | D:4      | HP: 2/40 [Duvessa/+0 rapier of draining (1)]
  5175 | D:4      | Killed from afar by Dowan

Levels and vault maps discovered:
D:1:      dpeg_arrival_rhombi, layout_basic
D:2:      layout_basic
D:3:      layout_basic, first_ration, cheibrodos_ashenzari_chains
D:4:      minmay_clustersquares, layout_basic, minmay_temple_entry_statues,
          uniq_duvessa, uniq_pikel
D:5:      layout_basic, serial_park_tiny_1, serial_bayou_lagoon_b, uniq_sigmund,
          uniq_crazy_yiuf_cottage
Temple:   regret_index_temple_chain_breaker

Skill      XL: |  1  2  3  4  5  6 |
---------------+-------------------+-----
Fighting       | 1 2 |  2.1
Conjurations   | 6 7 |  7.0
Spellcasting   | 3 |  3.7
Stealth        | 3 |  3.3
Polearms       | 1 |  1.7
Dodging        | 3 |  3.4
Translocations | 1 |  1.0

Action                   |  1- 3 |  4- 6 |  7- 9 || total
-------------------------+-------+-------+-------++-------
Melee: Spear             |     2 |    56 |    22 ||    80
       Kick              |     1 |    12 |     4 ||    17
       Peck              |       |     8 |     6 ||    14
 Cast: Magic Dart        |    43 |    72 |       ||   115
       Searing Ray       |     4 |    11 |     1 ||    16
Evoke: Wand              |       |     1 |       ||     1
  Use: Scroll            |     4 |     6 |       ||    10
       Potion            |     4 |     4 |       ||     8
  Eat: Chunk             |     2 |     5 |     1 ||     8
       Ration            |     1 |     1 |       ||     2
Armor: Robe              |     1 |       |       ||     1
       Leather armour    |     2 |    24 |    10 ||    36
Dodge: Dodged            |     9 |    65 |    26 ||   100

Table legend:
 A = Non-vault XP
 B = Vault XP
 C = Vault XP percentage of total XP
 D = Non-vault monster count
 E = Vault monster count
 F = Vault count percentage of total count
                 A         B        C        D         E       F
            +---------+---------+-------+---------+---------+-------
      Total |     636 |      18 |   2.8 |      76 |       3 |   3.8
            +---------+---------+-------+---------+---------+-------
        D:1 |      47 |       0 |   0.0 |      18 |       0 |   0.0
        D:2 |      56 |       0 |   0.0 |       6 |       0 |   0.0
        D:3 |     138 |       0 |   0.0 |      36 |       0 |   0.0
        D:4 |     347 |      18 |   4.9 |      15 |       3 |  16.7
        D:5 |      48 |       0 |   0.0 |       1 |       0 |   0.0
            +---------+---------+-------+---------+---------+-------
